 Dungeon Crawl Stone Soup version 0.21-a0-344-g2144152 (webtiles) character file.

13 tidbits the Charmwright (level 2, 0/26 HPs)
             Began as a Gnoll Skald on Oct 4, 2017.
             Slain by a bullfrog (7 damage)
             ... on level 2 of the Dungeon.
             The game lasted 00:02:14 (418 turns).

tidbits the Charmwright (Gnoll Skald)                Turns: 418, Time: 00:02:16

Health: 0/26       AC:  3    Str: 13    XL:     2   Next: 37%
Magic:  7/7        EV: 14    Int: 15    God:
Gold:   7          SH:  0    Dex: 14    Spells: 5/10 levels left

rFire    . . .     SeeInvis .   a - +0 falchion
rCold    . . .     Gourm    .   (no shield)
rNeg     . . .     Faith    .   b - +0 leather armour
rPois    .         Spirit   .   (no helmet)
rElec    .         Reflect  .   (no cloak)
rCorr    .         Harm     .   (no gloves)
MR       .....                  (no boots)
Stlth    +.........             (no amulet)
HPRegen  0.08/turn              (no ring)
MPRegen  0.10/turn              (no ring)

@: singing
A: distributed training, fangs 1, strong nose
a: no special abilities


You were on level 2 of the Dungeon.
You were not hungry.

You visited 1 branch of the dungeon, and saw 2 of its levels.

You collected 7 gold pieces.

Inventory:

Hand Weapons
 a - a +0 falchion (weapon)
Armour
 b - a +0 leather armour (worn)
Scrolls
 e - a scroll of immolation {unknown}
 f - a scroll of fog {unknown}
 g - a scroll of recharging {unknown}
 i - a scroll of remove curse {unknown}
Books
 c - a book of Battle

   Spells                             Type                      Level
   a - Infusion                       Charms                       1
   b - Shroud of Golubria             Charms/Translocation         2
   c - Song of Slaying                Charms                       2
   d - Spectral Weapon                Hexes/Charms                 3
   e - Regeneration                   Charms/Necromancy            3
Comestibles
 d - 2 bread rations
 h - a royal jelly


   Skills:
 + Level 4.4 Fighting
 + Level 0.3 Short Blades
 + Level 4.4 Long Blades
 + Level 0.3 Axes
 + Level 0.3 Maces & Flails
 + Level 0.3 Polearms
 + Level 0.3 Staves
 + Level 0.3 Slings
 + Level 0.3 Bows
 + Level 0.3 Crossbows
 + Level 0.3 Throwing
 + Level 2.4 Armour
 + Level 4.4 Dodging
 + Level 0.3 Stealth
 + Level 0.3 Shields
 + Level 0.3 Unarmed Combat
 + Level 4.9 Spellcasting
 + Level 0.3 Conjurations
 + Level 0.3 Hexes
 + Level 6.4 Charms
 + Level 0.3 Summonings
 + Level 0.3 Necromancy
 + Level 0.3 Translocations
 + Level 0.3 Transmutations
 + Level 0.3 Fire Magic
 + Level 0.3 Ice Magic
 + Level 0.3 Air Magic
 + Level 0.3 Earth Magic
 + Level 0.3 Poison Magic
 + Level 0.3 Invocations
 + Level 0.3 Evocations


You had 5 spell levels left.
You knew the following spells:

 Your Spells              Type           Power        Failure   Level  Hunger
g - Shroud of Golubria    Chrm/Tloc      ##........   8%          2    ##.....
i - Infusion              Chrm           ###.         1%          1    None
y - Song of Slaying       Chrm           ###.....     2%          2    ##.....


Dungeon Overview and Level Annotations

Branches:
Dungeon (2/15)

Altars:


Innate Abilities, Weirdness & Mutations

Your experience applies equally to all skills.
You have very sharp teeth.
Your uncanny sense of smell can sniff out nearby items.


Message History

You kill the bat!
You hit the goblin!
You kill the goblin!
You have reached level 2!
Memorise Song of Slaying, consuming 2 spell levels and leaving 7?
You start memorising the spell.
You continue memorising. x2
You finish memorising.
Spell assigned to 's'.
Memorise Shroud of Golubria, consuming 2 spell levels and leaving 5?
You start memorising the spell.
You continue memorising.
The hobgoblin shouts!
You continue memorising.
You finish memorising.
Spell assigned to 'g'.
Adjust (i)tems, (s)pells, or (a)bilities?
Adjust which spell? s - Song of Slaying Adjust to which letter? y - Song of Slaying
Casting: Infusion
Confirm with . or Enter, or press ? or * to list all spells.
You start singing a song of slaying.
A goblin comes into view. It is wielding a club.
You hit the hobgoblin!
You kill the hobgoblin!
There is an open door here.
You hit the goblin!
You kill the goblin!
Things that are here:
a club; a hobgoblin corpse
g - a scroll labeled KIUSHR TUP CE PON Your magical infusion is running out.
You see here 12 stones.
You are no longer magically infusing your attacks.
Your song is almost over.
Your song has ended.
A kobold comes into view. It is wielding a dagger.
Found a hand axe.
Casting: Song of Slaying
Confirm with . or Enter, or press ? or * to list all spells.
You start singing a song of slaying.
The kobold shouts!
The kobold throws a stone.
The stone closely misses you.
The kobold throws a stone.
The stone hits you but does no damage.
You see here a stone.
The kobold hits you with a dagger.
You hit the kobold.
You kill the kobold!
Things that are here:
a dagger; a kobold corpse You see here a stone.
A rat comes into view.
The rat bites you.
You barely miss the rat. The rat bites you.
You hit the rat.
You kill the rat!
Your song is almost over.
Found a royal jelly and a scroll labeled KUGEBE PIWY.
Your song has ended.
h - a royal jelly
i - a scroll labeled KUGEBE PIWY
Found a chain mail.
Found a stone staircase leading down.
There is a stone staircase leading down here.
You climb downwards.
A rat and a goblin come into view.
There is a stone staircase leading up here.
Casting: Song of Slaying
Confirm with . or Enter, or press ? or * to list all spells.
You start singing a song of slaying.
You hit the goblin but do no damage. The goblin hits you.
You hit the goblin.
The goblin is moderately wounded.
The goblin hits you. The goblin barely misses you.
You slash the goblin!
You kill the goblin!
The rat closely misses you.
You hit the rat.
You kill the rat!
No target in view!
No target in view!
You open the door.
There is an open door here.
You open the door.
A bullfrog comes into view.
The bullfrog gives a loud, deep croak!
The bullfrog moves out of view.
Found 24 sling bullets.
There is an open door here.
The bullfrog hits you. The bullfrog hits you!
* * * LOW HITPOINT WARNING * * *
You hit the bullfrog.
The bullfrog is moderately wounded.
The bullfrog snags a nearby centipede with its tongue.
The bullfrog barely misses you.
You riposte.
You slash the bullfrog!
The bullfrog is severely wounded.
You hit the bullfrog.
The bullfrog is severely wounded.
The bullfrog hits you.
* * * LOW HITPOINT WARNING * * *
The bullfrog hits you!
You die...

#.#####.## #.# #.#
##'## ##...##
##.....## .##
#.......## #..(#
#.........###.....#
+.........'@F......
#.........####....#
##.......## #.#
##.....## ##...##
##+#


You could see a bullfrog.

Vanquished Creatures
  4 goblins
  A hobgoblin (D:1)
  2 bats (D:1)
  3 frilled lizards (D:1)
  A kobold (D:1)
  2 rats
13 creatures vanquished.

Notes
Turn   | Place    | Note
-------+----------+-------------------------------------------
     0 | D:1      | tidbits the Gnoll Skald began the quest for the Orb.
     0 | D:1      | Reached XP level 1. HP: 20/20 MP: 6/6
   155 | D:1      | Reached XP level 2. HP: 25/26 MP: 3/7
   159 | D:1      | Learned a level 2 spell: Song of Slaying
   162 | D:1      | Learned a level 2 spell: Shroud of Golubria
   414 | D:2      | Noticed a bullfrog
   418 | D:2      | Slain by a bullfrog

Vault maps used:
D:1:      minmay_arrival_three_doors
D:2:      zin_academy, chequers_ecumenical_altar_island, lightli_corner_chamber,
          uniq_natasha

Action                   || total
-------------------------++-------
Melee: Falchion          ||    20
       Bite              ||     1
 Cast: Infusion          ||     3
       Song of Slaying   ||     3
Armor: Leather armour    ||     6
Dodge: Dodged            ||    13
       Rpst.: Falchion   ||     4

Table legend:
 A = Spawn XP
 B = Non-spawn XP
 C = Spawn XP percentage of total XP
 D = Spawn monster count
 E = Non-spawn monster count
 F = Spawn count percentage of total count
 G = Total turns spent on level
                    A         B        C        D         E        F      G
               +---------+---------+-------+---------+---------+-------+---------
         Total |       0 |      19 |   0.0 |       0 |      13 |   0.0 |   418
               +---------+---------+-------+---------+---------+-------+---------
           D:1 |       0 |      16 |   0.0 |       0 |      11 |   0.0 |   397
           D:2 |       0 |       3 |   0.0 |       0 |       2 |   0.0 |    21
               +---------+---------+-------+---------+---------+-------+---------

Table legend:
 A = Turns spent in this place as a percentage of turns spent in the entire game.
 B = Non-inter-level travel turns spent in this place as a percentage of non-inter-level travel turns spent in the entire game.
 C = Inter-level travel turns spent in this place as a percentage of turns spent in this place.
 D = Turns resting spent in this place as a percentage of non-inter-level travel turns spent in this place.
 E = Turns spent auto-exploring this place as a percentage of non-inter-level travel turns spent in this place.
 F = Non-inter-level travel turns spent in this place divided by the number of levels of this place that you've seen.
                   A       B       C       D       E      F
               +-------+-------+-------+-------+-------+----------------------
         Total | 100.0 | 100.0 |   0.0 |   0.0 |   0.0 | 209.0
       Dungeon | 100.0 | 100.0 |   0.0 |   0.0 |   0.0 | 209.0
               +-------+-------+-------+-------+-------+----------------------

Table legend:
 A = Kills in this place as a percentage of kills in entire the game.
 B = Kills by you in this place as a percentage of kills by you in the entire game.
 C = Kills by friends in this place as a percentage of kills by friends in the entire game.
 D = Other kills in this place as a percentage of other kills in the entire game.
 E = Experience gained in this place as a percentage of experience gained in the entire game.
 F = Experience gained in this place divided by the number of levels of this place that you have seen.
                   A       B       C       D       E      F
               +-------+-------+-------+-------+-------+----------------------
         Total | 100.0 | 100.0 |   N/A |   N/A | 100.0 |   9.5
       Dungeon | 100.0 | 100.0 |   N/A |   N/A | 100.0 |   9.5
               +-------+-------+-------+-------+-------+----------------------

Vault maps used:
D:1:      minmay_arrival_three_doors
D:2:      zin_academy, chequers_ecumenical_altar_island, lightli_corner_chamber,
          uniq_natasha
